cohdb
Replays
Latest Replays
All Replays
Popular Replays
Top Player Replays
Match Explorer
How It Works
Community
CoH3 Stats
Reddit
Sign in to upload your games and track your stats! →
Sign in with Steam
Match 42123656
Unlisted
Match 42123656
Overview
Messages
Build Orders
End
Kradschützen Motorcycle Team
Selects Battlefield Espionage Battlegroup
Panzerpioneer Squad
Panzerpioneer Squad
Panzerpioneer Squad
Panzerpioneer Squad
Construct Light Support Kompanie
Selects Intel Disruption Beacon
Fire Support Elements
MG34 Team
2.5-tonne Medical Truck
Pak 38 Mechanized Group
Construct Panzerarmee Kommand
Veteran Squad Leaders
Selects 250/3 Funkpanzerwagen
Selects Advanced Ambush Training
Walking Stuka Rocket Launcher
Panzerjäger Squad
Selects Plunder
Panzerpioneer Squad
Armored Reserves
Selects Firestorm
Panzerjäger Squad
MG34 Team
Tiger Heavy Tank
Firestorm
Flak 36 Anti-tank Gun Team
Selects Operation Skorpion
TheGreatone
Dat Player
Free Hongkong Free Tibet
Sparkle
Mo-J
Wheeler
0
0
Comments
sign in to comment!
No comments posted yet!